Map: Winter's Gate LE

Players

SpeCial - Winner!

  • Race: Terran Terran
  • Spawn Location: 5:00

soO

  • Race: Zerg Zerg
  • Spawn Location: 11:00

Event: 2019 WCS Global FInals

VOD

Have the link to the VOD?

Description

Time

  • Played on: Oct. 24, 2019, 1:55 a.m.
  • Length: 5:44

All games in this series

Show
View Real Time Build Order
Export as new Build Order

SpeCial Terran - Winner!

Build Orders: Gas First Reaper Expand, Hellion Opening 

Get SALT Encoding   

  12  0:00  SCV  
  13  0:12  SCV  
  14  0:17  Supply Depot  
  14  0:24  SCV  
  14  0:27  Refinery  
  15  0:38  SCV  
  16  0:45  Barracks  
  16  0:50  SCV  
  17  1:02  SCV  
  18  1:14  SCV  
  19  1:32  Reaper, Orbital Command  
  20  1:42  Command Center  
  20  1:52  Factory  
  20  1:57  SCV  
  21  2:06  Barracks Reactor  
  21  2:10  SCV  
  21  2:14  Supply Depot  
  22  2:16  Refinery  
  22  2:22  SCV  
  23  2:35  SCV  
  24  2:42  Starport  
  24  2:48  Hellion x2  
  24  2:49  SCV  
  24  2:50  Barracks Tech Lab  
  29  2:55  Orbital Command  
  29  3:10  Hellion x2  
  29  3:11  Marauder  
  35  3:18  Viking  
  37  3:25  Supply Depot  
  37  3:32  Hellion x2  
  41  3:36  Marauder  
  43  3:48  Medivac  
  45  3:51  Armory  
  45  3:58  Marauder  
  45  3:59  Hellion x2  
  51  4:03  Concussive Shells  
  51  4:09  Supply Depot  
  51  4:17  SCV  
  51  4:18  SCV  
  53  4:31  Hellion x2, Marauder  
  59  4:32  Supply Depot  
  59  4:33  SCV x2  
  61  4:45  SCV  
  62  4:57  SCV x2  
  67  5:09  SCV x2  
  69  5:17  Supply Depot  
  64  5:21  SCV x2  
  64  5:23  Marauder  
Show
View Real Time Build Order
Export as new Build Order

soO Zerg 

Build Orders: Hatch First 

Get SALT Encoding   

  12  0:00  Drone  
  13  0:12  Overlord  
  13  0:16  Drone  
  14  0:30  Drone x2  
  16  0:48  Hatchery  
  15  0:51  Drone  
  15  0:54  Drone  
  17  0:57  Drone  
  18  1:08  Extractor  
  17  1:13  Spawning Pool  
  17  1:16  Drone  
  17  1:19  Drone  
  18  1:28  Drone  
  19  1:39  Drone  
  20  1:49  Overlord  
  20  2:00  Zergling x4, Queen x2  
  26  2:13  Drone  
  27  2:19  Hatchery  
  27  2:22  Drone  
  27  2:27  Metabolic Boost  
  27  2:30  Drone  
  27  2:33  Drone  
  29  2:39  Drone  
  29  2:43  Queen  
  32  2:48  Overlord  
  32  2:52  Drone  
  32  2:54  Drone  
  32  2:57  Drone  
  35  2:59  Drone  
  36  3:08  Drone  
  36  3:09  Drone  
  36  3:10  Drone  
  36  3:11  Drone  
  40  3:12  Overlord  
  40  3:15  Pneumatized Carapace  
  40  3:21  Queen  
  40  3:24  Zergling x2  
  40  3:26  Zergling x2  
  44  3:31  Drone  
  45  3:34  Queen  
  45  3:36  Drone  
  45  3:38  Drone x2  
  50  3:46  Zergling x4  
  50  3:47  Overlord  
  52  3:48  Drone  
  52  3:51  Overlord  
  52  3:53  Drone  
  52  3:54  Drone  
  55  3:57  Queen  
  57  4:03  Drone  
  57  4:04  Overlord  
  57  4:06  Drone x2  
  60  4:10  Overlord  
  60  4:12  Drone x2  
  60  4:17  Overlord, Drone  
  63  4:20  Baneling Nest  
  63  4:21  Drone  
  63  4:22  Drone  
  63  4:23  Drone  
  65  4:27  Zergling x4  
  65  4:30  Queen  
  69  4:34  Drone x3  
  69  4:35  Extractor  
  69  4:36  Drone  
  72  4:46  Zergling x8  
  72  4:48  Queen x2  
  78  4:58  Zergling x4  
  74  5:00  Zergling x4  
  74  5:01  Zergling x2  
  74  5:06  Queen  
  67  5:07  Zergling x4  
  67  5:08  Zergling x4  
  67  5:12  Zergling x2  
  67  5:13  Zergling x6  
  69  5:14  Zergling x2  
  69  5:17  Zergling x2  
  69  5:19  Zergling x2  
  69  5:21  Zergling x2  
  65  5:22  Zergling x2  
  65  5:26  Zergling x2  
Tags
 
Add a new tag
Caveats
  • Supply blocks, unpowered buildings, or Contaminate may cause inaccurate times.
  • Supply counts are checked every 10 seconds.